 Dungeon Crawl Stone Soup version 0.27-a0-1438-g9b7c6745da (webtiles) character file.

Game seed: 11657862112254336277

214 2tc the Chiller (level 5, -2/28 HPs)
             Began as a Deep Elf Ice Elementalist on July 4, 2021.
             Slain by Menkaure (17 damage)
             ... on level 4 of the Dungeon.
             The game lasted 00:09:04 (3253 turns).

2tc the Chiller (Deep Elf Ice Elementalist)         Turns: 3253, Time: 00:09:05

Health: -2/28      AC: 10    Str:  6    XL:     5   Next: 59%
Magic:  3/11       EV: 12    Int: 20    God:
Gold:   156        SH:  0    Dex: 15    Spells: 3/10 levels left

rFire    . . .     SeeInvis .   i - +2 quarterstaff (chaos)
rCold    . . .     Faith    .   (shield currently unavailable)
rNeg     . . .     Spirit   .   a - +0 robe
rPois    .         Reflect  .   (no helmet)
rElec    .         Harm     .   j - +0 cloak
rCorr    .         Rampage  .   (no gloves)
Will     .....                  (no boots)
Stlth    ++........             (no amulet)
HPRegen  0.09/turn              (no ring)
MPRegen  0.12/turn              (no ring)

@: ice-armoured
A: no striking features
a: no special abilities


You were on level 4 of the Dungeon.
You visited 1 branch of the dungeon, and saw 4 of its levels.

You collected 182 gold pieces.
You spent 26 gold pieces at shops.

Inventory:

Hand Weapons
 c - a +0 dagger
 i - a +2 quarterstaff of chaos (weapon)
Missiles
 d - 8 atropa-tipped darts
Armour
 a - a +0 robe (worn)
 j - a +0 cloak (worn)
Scrolls
 g - a scroll of teleportation
Potions
 b - 2 potions of heal wounds
 e - a potion of degeneration {unknown}
 f - 2 potions of resistance {unknown}
 h - a potion of curing {unknown}


   Skills:
 - Level 2.4 Dodging
 - Level 2.4 Stealth
 - Level 3.0 Spellcasting
 * Level 7.6 Ice Magic


You had 3 spell levels left.
You knew the following spells:

 Your Spells              Type           Power      Damage    Failure   Level
a - Freeze                Ice            100%       1d11      1%          1
b - Frozen Ramparts       Ice            66%        1d8       1%          3
c - Ozocubu's Armour      Ice            33%        N/A       1%          3

Your spell library contained the following spells:

 Spells                   Type           Power      Damage    Failure   Level
 Poisonous Vapours        Pois/Air       6%         N/A       22%         2
 Slow                     Hex            3%         N/A       22%         2
 Confusing Touch          Hex            3%         N/A       38%         3
 Mephitic Cloud           Conj/Pois/Air  3%         N/A       38%         3
 Vampiric Draining        Necr           1%         2d6       38%         3
 Hailstorm                Conj/Ice       18%        3d6       30%         4
 Freezing Cloud           Conj/Ice/Air   6%         6-21      80%         5


Dungeon Overview and Level Annotations

Branches:
Dungeon (4/15)
 Temple: D:4-7

Altars:

Shops:
D:2 [*

Annotations:
D:3 Grinder
D:4 Menkaure


Message History

The wall freezes the orc wizard.
The wall freezes the orc.
Menkaure, Prince of Dust comes into view.
You freeze the orc wizard!
The orc wizard is severely wounded.
The wall freezes the orc wizard.
The orc wizard misses you.
The wall freezes the orc.
The orc barely misses you.
The wall freezes the orc.
You freeze the orc wizard.
You kill the orc wizard!
Menkaure casts a spell.
Menkaure seems to speed up.
The wall freezes the orc.
The orc closely misses you.
The wall freezes the orc!
You kill the orc!
You freeze the orc.
You kill the orc!
The frozen ramparts melt away.
Press: ? - help, v - describe, . - travel
Here: Menkaure (fast)
The floor.
Unknown command.
Okay, then.
Okay, then.
Unknown command.
Unknown command.
Casting: Freeze (safe; 1% risk of failure)
Confirm with . or Enter, or press ? or * to list all spells.
You don't have enough magic to cast this spell.
Menkaure calls on the powers of darkness!
Your body is wracked with pain!
Casting: Freeze (safe; 1% risk of failure)
Confirm with . or Enter, or press ? or * to list all spells.
Okay, then.
Unknown command.
Menkaure gestures at you while chanting.
You struggle to resist.
Casting: Freeze (safe; 1% risk of failure)
Confirm with . or Enter, or press ? or * to list all spells.
You don't have enough magic to cast this spell.
Menkaure hits you!
Ouch! That really hurt!
You die...

........:#...
.............
........... ...
##.......##
....#..o......#
.......<....#
...........)##
..........#M)##
##.#.....##@..#
#........##...#
...#......##...#
.......... ..##
#.......".# ..#
.........# ###
...#...


You could see Menkaure (fast).

Vanquished Creatures
  A hound (D:4)
  Crazy Yiuf (D:2)
  Jessica (D:3)
  An orc wizard (D:4)
  Robin (D:3)
  2 adders
  A dart slug (D:2)
  A worm (D:3)
  9 orcs
  5 bats
  3 endoplasms (D:1)
  2 giant cockroaches
  12 goblins
  8 hobgoblins
  5 kobolds
  4 ball pythons
  3 frilled lizards
  4 rats
64 creatures vanquished.

Notes
Turn   | Place    | Note
-------+----------+-------------------------------------------
     0 | D:1      | 2tc the Deep Elf Ice Elementalist began the quest for the
                  | Orb.
     0 | D:1      | Reached XP level 1. HP: 10/10 MP: 6/6
   221 | D:1      | Reached XP level 2. HP: 14/15 MP: 6/8
   286 | D:1      | Reached skill level 5 in Ice Magic
  1018 | D:2      | Found a runed translucent door.
  1019 | D:2      | Noticed Crazy Yiuf
  1197 | D:2      | Found Sogur's General Store.
  1214 | D:2      | Bought a scroll of identify for 26 gold pieces
  1304 | D:2      | Found Ficzetoi's Antique Armour Shoppe.
  1466 | D:2      | Reached XP level 3. HP: 17/19 MP: 7/9
  1470 | D:2      | Learned a level 3 spell: Frozen Ramparts
  1920 | D:2      | Killed Crazy Yiuf
  1921 | D:2      | Reached skill level 6 in Ice Magic
  1921 | D:2      | Reached XP level 4. HP: 24/24 MP: 5/10
  2009 | D:3      | Noticed Grinder
  2104 | D:3      | Noticed Robin
  2106 | D:3      | Noticed Jessica
  2113 | D:3      | Killed Robin
  2113 | D:3      | Killed Jessica
  2134 | D:3      | Learned a level 3 spell: Ozocubu's Armour
  2554 | D:3      | Reached skill level 7 in Ice Magic
  2554 | D:3      | Reached XP level 5. HP: 26/28 MP: 7/11
  3132 | D:3      | Found a faded altar of an unknown god.
  3244 | D:4      | Noticed Menkaure
  3253 | D:4      | Slain by Menkaure

Illustrated notes

Levels and vault maps discovered:
D:1:      onia_arrival_mini_spirals, layout_basic, minmay_statues_item
D:2:      layout_loops_ring, serial_shops, nicolae_square_shop, shop,
          chequers_big_river, uniq_crazy_yiuf_cottage
D:3:      layout_basic, basic_ecumenical_altar, minmay_misc_feat_alley,
          uniq_grinder, uniq_robin, uniq_jessica
D:4:      layout_cave_pools, uniq_menkaure, uniq_natasha, uniq_duvessa

Skill      XL: |  1  2  3  4 |
---------------+-------------+-----
Ice Magic      | 5 6 7 |  7.6
Dodging        | |  2.4
Stealth        | |  2.4
Spellcasting   | |  3.0

Action                   |  1- 3 |  4- 6 || total
-------------------------+-------+-------++-------
Melee: Unarmed           |     1 |       ||     1
       Dagger            |     7 |       ||     7
       Quarterstaff      |       |    11 ||    11
 Cast: Freeze            |    42 |    15 ||    57
       Frozen Ramparts   |     1 |     8 ||     9
       Ozocubu's Armour  |       |     1 ||     1
  Use: Scroll            |     2 |     4 ||     6
 Stab: Sleeping          |     4 |       ||     4
Armor: Robe              |     4 |    10 ||    14
Dodge: Dodged            |    23 |    17 ||    40

Table legend: (Time is in decaauts)
 A = Elapsed time spent in this place.
 B = Non-inter-level travel time spent in this place.
 C = Inter-level travel time spent in this place.
 D = Time resting spent in this place.
 E = Time spent auto-exploring this place.
 F = Levels seen in this place.
 G = Mean time per level.
                   A        B        C        D        E       F      G
               +--------+--------+--------+--------+--------+-----+--------+
         Total |   3272 |   3146 |    126 |    150 |   2633 |   4 |  818.0 |
       Dungeon |   3272 |   3146 |    126 |    150 |   2633 |   4 |  818.0 |
               +--------+--------+--------+--------+--------+-----+--------+

Top non-repeatable levels by time:
     D:2: 1214 daAuts
     D:3: 1068 daAuts
     D:1: 965 daAuts
     D:4: 24 daAuts
